 Dungeon Crawl Stone Soup version 0.28.0-45-g0d030f2227 (webtiles) character file.

Game seed: 1808299188780389125

54 McKennaii the Skirmisher (level 3, -1/29 HPs)
             Began as a Demonspawn Fighter on Apr 6, 2022.
             Slain by Crazy Yiuf
             ... wielding a +4 quarterstaff of chaos
              (9 damage)
             ... on level 2 of the Dungeon.
             The game lasted 00:01:24 (2296 turns).

McKennaii the Skirmisher (Demonspawn Fighter)       Turns: 2296, Time: 00:01:25

Health: -1/29      AC:  9    Str: 18    XL:     3   Next: 66%
Magic:  2/3        EV:  9    Int:  9    God:
Gold:   30         SH:  8    Dex: 12    Spells: 2/2 levels left

rFire   . . .      SeeInvis .   a - +0 trident
rCold   . . .      Faith    .   c - +0 buckler
rNeg    . . .      Spirit   .   b - +0 scale mail
rPois   .          Reflect  .   j - +0 helmet
rElec   .          Harm     .   (no cloak)
rCorr   .          Rampage  .   h - +0 pair of gloves
Will    .....                   (no boots)
Stlth   ..........              (no amulet)
HPRegen 0.09/turn               (no ring)
MPRegen 0.08/turn               (no ring)

@: lethally poisoned (-1 -> -10)
A: powered by pain 1, condensation shield
a: no special abilities


You were on level 2 of the Dungeon.
You visited 1 branch of the dungeon, and saw 2 of its levels.

You collected 30 gold pieces.

Inventory:

Hand Weapons
 a - a +0 trident (weapon)
Armour
 b - a +0 scale mail (worn)
 c - a +0 buckler (worn)
 h - a +0 pair of gloves (worn)
 j - a +0 helmet (worn)
Wands
 p - a wand of iceblast (5)
Scrolls
 e - a scroll of enchant armour {unknown}
 f - a scroll of teleportation {unknown}
 i - 2 scrolls of identify {unknown}
 k - 3 scrolls of magic mapping {unknown}
 l - a scroll of amnesia {unknown}
Potions
 d - a potion of might
 g - 3 potions of heal wounds {unknown}
 m - a potion of berserk rage {unknown}
 n - a potion of cancellation {unknown}
 o - 2 potions of curing {unknown}


   Skills:
 + Level 3.4 Fighting
 + Level 2.3 Polearms
 + Level 3.2 Armour
 + Level 3.1 Shields


You had 2 spell levels left.
You didn't know any spells.
Your spell library was empty.

Dungeon Overview and Level Annotations

Branches:
Dungeon (2/15)

Altars:

Annotations:
D:2 Crazy Yiuf


Innate Abilities, Weirdness & Mutations

You sometimes gain a little power by taking damage.
A meltable shield of frost defends you. (SH +4)


Message History

o - 2 fizzy blue potions (gained 1)
Found a stone staircase leading down.
No target in view!
Found a mace.
Found a runed translucent door.
No target in view!
Crazy Yiuf shouts!
You open the door.
There is an open door here.
There is an open door here.
Key pressed, stopping explore.
No target in view!
Crazy Yiuf shouts!
Key pressed, stopping explore.
No target in view!
Crazy Yiuf cries, "Fluff return to song arga!"
Failed to move towards target.
Could not explore, unopened runed door.
Failed to move towards target.
Could not explore, unopened runed door.
Failed to move towards target.
Could not explore, unopened runed door.
Failed to move towards target.
Failed to move towards target.
As you open the door, it creaks loudly!
You closely miss Crazy Yiuf.
Crazy Yiuf hits you with a +4 quarterstaff of chaos.
You are poisoned.
Crazy Yiuf closely misses you.
You hit Crazy Yiuf.
Crazy Yiuf is lightly wounded.
You feel very sick.
Crazy Yiuf hits you with a +4 quarterstaff of chaos.
You feel your power leaking away.
You hit Crazy Yiuf.
Crazy Yiuf is moderately wounded.
You feel very sick.
Crazy Yiuf hits you with a +4 quarterstaff of chaos.
* * * LOW HITPOINT WARNING * * *
Space warps horribly around you!
You die...

#....####.#.....#...
#....# #.#####.#...
♣....♣ #.# #..... ♣...♣♣
#######..... ♣♣.♣♣
#..#........ ♣.♣♣
##.#.###.... ♣♣.♣
##.#.#...... ♣.♣♣
#..#.#.#.... ♣♣@♣
##.#.#.##### #g# #.#.#.#
# ... #.#.#.# # #...#
#.#.#.#### #..)#
#.#.#.#..# #####
##'#.#.##.# #....#..#.#
###### ###....#..#.#
###....#####.........#.#


You could see Crazy Yiuf.

Vanquished Creatures
  2 adders (D:2)
  3 ball pythons
  4 endoplasms
  3 giant cockroaches
  3 goblins (D:1)
  3 hobgoblins (D:1)
  2 jackals (D:2)
  2 quokkas
  6 bats
  2 frilled lizards
  3 kobolds (D:1)
  A rat (D:1)
34 creatures vanquished.

Notes
Turn   | Place    | Note
-------+----------+-------------------------------------------
     0 | D:1      | McKennaii the Demonspawn Fighter began the quest for the
                  | Orb.
     0 | D:1      | Reached XP level 1. HP: 18/18 MP: 1/1
   380 | D:1      | Gained mutation: You sometimes gain a little power by
                  | taking damage. [demonic ancestry]
   380 | D:1      | Reached XP level 2. HP: 22/23 MP: 2/2
  1269 | D:2      | Gained mutation: A meltable shield of frost defends you.
                  | (SH +4) [demonic ancestry]
  1269 | D:2      | Reached XP level 3. HP: 27/29 MP: 3/3
  1442 | D:2      | Found a faded altar of an unknown god.
  2033 | D:2      | Found a runed translucent door.
  2034 | D:2      | Noticed Crazy Yiuf
  2296 | D:2      | Slain by Crazy Yiuf

Illustrated notes

Levels and vault maps discovered:
D:1:      eino_arrival_cavern_b, layout_basic
D:2:      layout_basic, basic_ecumenical_altar, serial_co_window_serial,
          co_window_corner_a, co_window_corner_a, co_window_paths_a,
          co_window_paths_a, co_window_paths_b, co_window_of_opportunity_a,
          co_window_cross_1, co_window_2corner, co_window_corner_b,
          co_window_corner_b, co_window_cross_2, co_window_cross_4,
          co_window_corner_ca, co_window_paths_e, glass_columns_a,
          uniq_crazy_yiuf_cottage

Skill      XL: |  1  2 |
---------------+-------+-----
Polearms       | 2 |  2.3
Armour         | 3 |  3.2
Shields        | 3 |  3.1
Fighting       | |  3.4

Action                   || total
-------------------------++-------
Melee: Trident           ||   140
Armor: Scale mail        ||    60
Dodge: Dodged            ||    50
Block: Buckler           ||    47
